SAA
ATLANTIC CITY SONICS @ LITTLE CAESARS HOT N READYS
09/05/2029
 
TOP OF THE 1ST
Atlantic City Sonics batting - Pitching for Little Caesars Hot N Readys : LHP Juan Soto
Pitching: LHP Juan Soto
Batting: RHB Jesús Guzmán 0-0: Ball
1-0: Called Strike
1-1: Swinging Strike
1-2: Strikes out swinging
Batting: LHB Ramón Garmendia 0-0: Swinging Strike
0-1: Ball
1-1: Ball
2-1: Ball
3-1: Base on Balls
Batting: RHB Eddie Sachs 0-0: Foul Ball, location: 2F
0-1: DOUBLE (Line Drive, 7LD)
Ramón Garmendia to third
Batting: RHB Karl Blanke 0-0: Called Strike
0-1: Ball
1-1: Foul Ball, location: 2F
1-2: Strikes out swinging
Batting: LHB Kelvin Abbott 0-0: Ball
1-0: Called Strike
1-1: Foul Ball, location: 2F
1-2: Foul Ball, location: 2F
1-2: Ground out 4-3 (Groundball, 4M)
Top of the 1st over - 0 runs, 1 hit, 0 errors, 2 left on base; Atlantic City 0 - Little Caesars 0
BOTTOM OF THE 1ST
Little Caesars Hot N Readys batting - Pitching for Atlantic City Sonics : RHP Lincoln Spooner
Pitching: RHP Lincoln Spooner
Batting: LHB Michael Cochran 0-0: Foul Ball, location: 2F
0-1: Foul Ball, location: 2F
0-2: Foul Ball, location: 2F
0-2: Ball
1-2: Ball
2-2: Fly out, F8 (Flyball, 8RXD)
Batting: RHB Martín Alejadre 0-0: Called Strike
0-1: Swinging Strike
0-2: Strikes out swinging
Batting: LHB Josh Platt 0-0: Foul Ball, location: 2F
0-1: SINGLE (Line Drive, 8RS)
Batting: LHB Elian Gonzalez 0-0: Ball
1-0: Swinging Strike
1-1: Foul Ball, location: 2F
1-2: Fly out, F5 (Popup, 5SF)
Bottom of the 1st over - 0 runs, 1 hit, 0 errors, 1 left on base; Atlantic City 0 - Little Caesars 0
TOP OF THE 2ND
Atlantic City Sonics batting - Pitching for Little Caesars Hot N Readys : LHP Juan Soto
Batting: RHB José Rodríguez 0-0: Foul Ball, location: 2F
0-1: SINGLE (Groundball, 4MD)
Batting: RHB Alejandro Sánchez 0-0: Ball
1-0: Ball
2-0: Grounds into double play, 6-4-3 (Groundball, 6)
Batting: RHB Randy Sheffield 0-0: Foul Ball, location: 2F
0-1: Ball
1-1: Ball
2-1: Foul Ball, location: 2F
2-2: SINGLE (Groundball, 56D)
Batting: RHB Thurman Blumer 0-0: Ball
1-0: Called Strike
1-1: Fielders Choice at 2nd, 6-4 (Groundball, 6)
Top of the 2nd over - 0 runs, 2 hits, 0 errors, 1 left on base; Atlantic City 0 - Little Caesars 0
BOTTOM OF THE 2ND
Little Caesars Hot N Readys batting - Pitching for Atlantic City Sonics : RHP Lincoln Spooner
Batting: LHB Gilberto Moreno 0-0: Ball
1-0: Ball
2-0: Foul Ball, location: 2F
2-1: Foul Ball, location: 2F
2-2: Ball
3-2: Foul Ball, location: 2F
3-2: Foul Ball, location: 2F
3-2: Ground out 4-3 (Groundball, 4M)
Batting: SHB Tony Gutiérrez 0-0: Ball
1-0: Ball
2-0: Foul Ball, location: 2F
2-1: Called Strike
2-2: Foul Ball, location: 2F
2-2: Strikes out looking
Batting: LHB Pedro García 0-0: Called Strike
0-1: Foul Ball, location: 2F
0-2: SINGLE (Groundball, 34D)
Batting: LHB Yin-reng Hsueh 0-0: Ball
1-0: Ball
2-0: Ball
3-0: Called Strike
3-1: Reached on error, E6 (Groundball, 6)
Pedro García to second
Batting: RHB Mike Taylor 0-0: Called Strike
0-1: Fly out, F9 (Flyball, 9D)
Bottom of the 2nd over - 0 runs, 1 hit, 1 error, 2 left on base; Atlantic City 0 - Little Caesars 0
TOP OF THE 3RD
Atlantic City Sonics batting - Pitching for Little Caesars Hot N Readys : LHP Juan Soto
Batting: RHB Jesús Guzmán 0-0: Called Strike
0-1: Foul Ball, location: 2F
0-2: Ball
1-2: Ball
2-2: Foul Ball, location: 2F
2-2: Ball
3-2: Base on Balls
Batting: LHB Ramón Garmendia 0-0: Called Strike
0-1: Ball
1-1: Fly out, F8 (Flyball, 89S)
Batting: RHB Eddie Sachs 0-0: Ball
Jesús Guzmán steals 2nd base
1-0: Ball
2-0: Swinging Strike
2-1: Ball
3-1: Foul Ball, location: 2F
3-2: Strikes out swinging
Batting: RHB Karl Blanke 0-0: Ground out 6-3 (Groundball, 6D)
Top of the 3rd over - 0 runs, 0 hits, 0 errors, 1 left on base; Atlantic City 0 - Little Caesars 0
BOTTOM OF THE 3RD
Little Caesars Hot N Readys batting - Pitching for Atlantic City Sonics : RHP Lincoln Spooner
Batting: LHB Michael Cochran 0-0: Ball
1-0: Ball
2-0: Foul Ball, location: 2F
2-1: Foul Ball, location: 2F
2-2: Ball
3-2: SINGLE (Flyball, 7LS)
Batting: RHB Martín Alejadre 0-0: Ball
Michael Cochran is caught stealing 2nd base
1-0: Fly out, F8 (Flyball, 78D)
Batting: LHB Josh Platt 0-0: Ball
1-0: Foul Ball, location: 2F
1-1: Called Strike
1-2: Fly out, F3 (Line Drive, 3)
Bottom of the 3rd over - 0 runs, 1 hit, 0 errors, 0 left on base; Atlantic City 0 - Little Caesars 0
TOP OF THE 4TH
Atlantic City Sonics batting - Pitching for Little Caesars Hot N Readys : LHP Juan Soto
Batting: LHB Kelvin Abbott 0-0: Foul Ball, location: 2F
0-1: SINGLE (Line Drive, 4M)
Batting: RHB José Rodríguez 0-0: Ball
1-0: Ball
2-0: Grounds into double play, 1-6-3 (Groundball, 13)
Batting: RHB Alejandro Sánchez 0-0: Ball
1-0: SINGLE (Groundball, 34D)
Batting: RHB Randy Sheffield 0-0: Called Strike
0-1: Foul Ball, location: 2F
0-2: DOUBLE (Line Drive, 7LD)
Alejandro Sánchez to third
Batting: RHB Thurman Blumer 0-0: Ball
1-0: Ball
2-0: Ball
3-0: Called Strike
3-1: Foul Ball, location: 2F
3-2: Foul Ball, location: 2F
3-2: Foul Ball, location: 2F
3-2: Base on Balls
Batting: RHB Jesús Guzmán 0-0: Foul Ball, location: 2F
0-1: Ball
1-1: Ball
2-1: Called Strike
2-2: Ball
Wild Pitch!
Alejandro Sánchez scores
Randy Sheffield to third
Thurman Blumer to second
3-2: Base on Balls
Batting: LHB Ramón Garmendia 0-0: Called Strike
0-1: Swinging Strike
0-2: Ball
1-2: Fly out, F6 (Flyball, 6D)
Top of the 4th over - 1 run, 3 hits, 0 errors, 3 left on base; Atlantic City 1 - Little Caesars 0
BOTTOM OF THE 4TH
Little Caesars Hot N Readys batting - Pitching for Atlantic City Sonics : RHP Lincoln Spooner
Batting: LHB Elian Gonzalez 0-0: Ball
1-0: Ground out 4-3 (Groundball, 4)
Batting: LHB Gilberto Moreno 0-0: Ball
1-0: Ball
2-0: Ball
3-0: Called Strike
3-1: Called Strike
3-2: Foul Ball, location: 2F
3-2: Ground out 5-3 (Groundball, 56S)
Batting: SHB Tony Gutiérrez 0-0: Foul Ball, location: 2F
0-1: Ball
1-1: Foul Ball, location: 2F
1-2: Ground out 5-3 (Groundball, 56)
Bottom of the 4th over - 0 runs, 0 hits, 0 errors, 0 left on base; Atlantic City 1 - Little Caesars 0
TOP OF THE 5TH
Atlantic City Sonics batting - Pitching for Little Caesars Hot N Readys : LHP Juan Soto
Batting: RHB Eddie Sachs 0-0: Called Strike
0-1: Ball
1-1: Foul Ball, location: 2F
1-2: Ball
2-2: Ground out 5-3 (Groundball, 5)
Batting: RHB Karl Blanke 0-0: Ball
1-0: Swinging Strike
1-1: Swinging Strike
1-2: Strikes out swinging
Batting: LHB Kelvin Abbott 0-0: Fly out, F8 (Flyball, 8LXD)
Top of the 5th over - 0 runs, 0 hits, 0 errors, 0 left on base; Atlantic City 1 - Little Caesars 0
BOTTOM OF THE 5TH
Little Caesars Hot N Readys batting - Pitching for Atlantic City Sonics : RHP Lincoln Spooner
Batting: LHB Pedro García 0-0: Called Strike
0-1: Ball
1-1: TRIPLE (Flyball, 9D)
Batting: LHB Yin-reng Hsueh 0-0: Ball
1-0: Foul Ball, location: 2F
1-1: SINGLE (Groundball, 6D)
Pedro García scores
Batting: RHB Mike Taylor 0-0: Called Strike
Yin-reng Hsueh is caught stealing 2nd base
0-1: Ball
1-1: Called Strike
1-2: Ball
2-2: Foul Ball, location: 2F
2-2: Ball
3-2: Base on Balls
Batting: LHB Michael Cochran 0-0: Fly out, F9 (Flyball, 9)
Batting: RHB Martín Alejadre 0-0: Called Strike
0-1: Called Strike
0-2: Foul Ball, location: 2F
0-2: Ground out 4-3 (Groundball, 4)
Bottom of the 5th over - 1 run, 2 hits, 0 errors, 1 left on base; Atlantic City 1 - Little Caesars 1
TOP OF THE 6TH
Atlantic City Sonics batting - Pitching for Little Caesars Hot N Readys : LHP Juan Soto
Batting: RHB José Rodríguez 0-0: Ball
1-0: Ground out U3 (Groundball, 34S)
Batting: RHB Alejandro Sánchez 0-0: SINGLE (Line Drive, 56D)
Batting: RHB Randy Sheffield 0-0: Ball
1-0: Called Strike
1-1: Ball
2-1: Called Strike
2-2: SINGLE (Groundball, 56D)
Alejandro Sánchez to second
Batting: RHB Thurman Blumer 0-0: Foul Ball, location: 2F
0-1: Ball
1-1: SINGLE (Line Drive, 56D)
Alejandro Sánchez to third
Randy Sheffield to second
Pitching: RHP Mike Lawrence
Batting: RHB Jesús Guzmán 0-0: SINGLE (Line Drive, 34)
Alejandro Sánchez scores
Randy Sheffield to third
Thurman Blumer to second
Batting: LHB Ramón Garmendia 0-0: Ball
1-0: Ball
Wild Pitch!
Randy Sheffield scores
Thurman Blumer to third
Jesús Guzmán to second
2-0: Foul Ball, location: 2F
2-1: Foul Ball, location: 2F
2-2: Foul Ball, location: 2F
2-2: Foul Ball, location: 2F
2-2: Fly out, F4 (Popup, 34)
Batting: RHB Eddie Sachs 0-0: Swinging Strike
0-1: Swinging Strike
0-2: Strikes out swinging
Top of the 6th over - 2 runs, 4 hits, 0 errors, 2 left on base; Atlantic City 3 - Little Caesars 1
BOTTOM OF THE 6TH
Little Caesars Hot N Readys batting - Pitching for Atlantic City Sonics : RHP Lincoln Spooner
Batting: LHB Josh Platt 0-0: Ball
1-0: Ball
2-0: Ball
3-0: Called Strike
3-1: SINGLE (Groundball, 34S) (infield hit)
Batting: LHB Elian Gonzalez 0-0: Ball
1-0: Called Strike
1-1: Foul Ball, location: 2F
1-2: Ball
2-2: Strikes out swinging
Batting: LHB Gilberto Moreno 0-0: Ball
1-0: Ball
2-0: Called Strike
2-1: Foul Ball, location: 2F
2-2: SINGLE (Groundball, 3D)
Josh Platt to second
Runner from 2nd tries for 3rd, SAFE, no throw
Batting: SHB Tony Gutiérrez 0-0: Ball
1-0: Ball
2-0: Called Strike
2-1: Foul Ball, location: 2F
2-2: Foul Ball, location: 2F
2-2: Foul Ball, location: 2F
2-2: Ball
3-2: Foul Ball, location: 2F
3-2: SINGLE (Line Drive, 9LS)
Josh Platt scores
Gilberto Moreno to second
Runner from 2nd tries for 3rd, SAFE, no throw
Batting: LHB Pedro García 0-0: Called Strike
Tony Gutiérrez steals 2nd base
0-1: Foul Ball, location: 2F
0-2: Ball
1-2: Ball
2-2: Ground out 6-3 (Groundball, 6D)
Batting: LHB Yin-reng Hsueh 0-0: Ball
1-0: Ball
2-0: Fly out, F4 (Line Drive, 4M)
Bottom of the 6th over - 1 run, 3 hits, 0 errors, 2 left on base; Atlantic City 3 - Little Caesars 2
TOP OF THE 7TH
Atlantic City Sonics batting - Pitching for Little Caesars Hot N Readys : RHP Mike Lawrence
Batting: RHB Karl Blanke 0-0: Ball
1-0: Foul Ball, location: 2F
1-1: Foul Ball, location: 2F
1-2: Ball
2-2: Strikes out looking
Batting: LHB Kelvin Abbott 0-0: Ball
1-0: Called Strike
1-1: Called Strike
1-2: Foul Ball, location: 2F
1-2: SINGLE (Line Drive, 4MD)
Batting: RHB José Rodríguez 0-0: Ball
1-0: Ball
2-0: Ball
3-0: Called Strike
3-1: Fly out, F4 (Popup, 34D)
Pinch Hitting: LHB José Pacheco 0-0: Ball
1-0: Ball
2-0: Ball
3-0: Called Strike
3-1: Base on Balls
Kelvin Abbott to second
Pinch Hitting: LHB Russ Hanneman 0-0: Ball
José Pacheco is caught stealing 2nd base
Top of the 7th over - 0 runs, 1 hit, 0 errors, 1 left on base; Atlantic City 3 - Little Caesars 2
BOTTOM OF THE 7TH
Little Caesars Hot N Readys batting - Pitching for Atlantic City Sonics : RHP Lincoln Spooner
Now at 3B: Luchino Salimbeni
Now in RF: José Pacheco
Batting: RHB Mike Taylor 0-0: Ball
1-0: Ball
2-0: Called Strike
2-1: Ball
3-1: Foul Ball, location: 2F
3-2: Foul Ball, location: 2F
3-2: Foul Ball, location: 2F
3-2: Base on Balls
Pitching: RHP Alfredo Muńóz
Batting: LHB Michael Cochran 0-0: Bunt missed!
0-1: Bunt missed!
0-2: Ball
1-2: Ball
2-2: Ball
3-2: Fly out, F7 (Flyball, 7S)
Batting: RHB Martín Alejadre 0-0: Called Strike
0-1: Foul Ball, location: 2F
0-2: Fly out, F7 (Flyball, 78D)
Batting: LHB Josh Platt 0-0: Called Strike
0-1: Ball
1-1: Fly out, F9 (Flyball, 9LD)
Bottom of the 7th over - 0 runs, 0 hits, 0 errors, 1 left on base; Atlantic City 3 - Little Caesars 2
TOP OF THE 8TH
Atlantic City Sonics batting - Pitching for Little Caesars Hot N Readys : RHP Mike Lawrence
Batting: SHB Luchino Salimbeni 0-0: Ball
1-0: Ball
2-0: Fly out, F9 (Flyball, 9)
Batting: RHB Thurman Blumer 0-0: Swinging Strike
0-1: Ground out U3 (Groundball, 34S)
Batting: RHB Jesús Guzmán 0-0: Called Strike
0-1: Foul Ball, location: 2F
0-2: Foul Ball, location: 2F
0-2: Ground out 4-3 (Groundball, 4MS)
Top of the 8th over - 0 runs, 0 hits, 0 errors, 0 left on base; Atlantic City 3 - Little Caesars 2
BOTTOM OF THE 8TH
Little Caesars Hot N Readys batting - Pitching for Atlantic City Sonics : RHP Alfredo Muńóz
Batting: LHB Elian Gonzalez 0-0: DOUBLE (Flyball, 89XD)
Batting: LHB Gilberto Moreno 0-0: Ball
1-0: Foul Ball, location: 2F
1-1: Foul Ball, location: 2F
1-2: Fly out, F4 (Popup, 34)
Batting: SHB Tony Gutiérrez 0-0: Swinging Strike
0-1: Foul Ball, location: 2F
0-2: Ball
1-2: Foul Ball, location: 2F
1-2: Strikes out swinging
Batting: LHB Pedro García 0-0: Swinging Strike
0-1: Ball
1-1: Foul Ball, location: 2F
1-2: Foul Ball, location: 2F
1-2: Foul Ball, location: 2F
1-2: Ball
2-2: Foul Ball, location: 2F
2-2: Strikes out looking
Bottom of the 8th over - 0 runs, 1 hit, 0 errors, 1 left on base; Atlantic City 3 - Little Caesars 2
TOP OF THE 9TH
Atlantic City Sonics batting - Pitching for Little Caesars Hot N Readys : RHP Mike Lawrence
Batting: LHB Ramón Garmendia 0-0: Ball
1-0: Swinging Strike
1-1: DOUBLE (Groundball, 3L)
Batting: RHB Eddie Sachs 0-0: Called Strike
0-1: Called Strike
0-2: Strikes out looking
Batting: RHB Karl Blanke 0-0: Ball
1-0: Ball
2-0: Ball
3-0: Called Strike
3-1: Called Strike
3-2: Ground out 6-3 (Groundball, 6)
Ramón Garmendia to third
Batting: LHB Kelvin Abbott 0-0: Ball
Wild Pitch!
Ramón Garmendia scores
1-0: Foul Ball, location: 2F
1-1: Fly out, F8 (Line Drive, 89D)
Top of the 9th over - 1 run, 1 hit, 0 errors, 0 left on base; Atlantic City 4 - Little Caesars 2
BOTTOM OF THE 9TH
Little Caesars Hot N Readys batting - Pitching for Atlantic City Sonics : RHP Alfredo Muńóz
Pitching: LHP Todd Howell
Now in CF: José López
Batting: LHB Yin-reng Hsueh 0-0: Called Strike
0-1: Foul Ball, location: 2F
0-2: Strikes out swinging
Batting: RHB Mike Taylor 0-0: Ball
1-0: Swinging Strike
1-1: Ball
2-1: Ground out 5-3 (Groundball, 56)
Batting: LHB Michael Cochran 0-0: Ball
1-0: Ball
2-0: Ball
3-0: Base on Balls
Batting: RHB Martín Alejadre 0-0: Called Strike
0-1: Called Strike
0-2: Ball
1-2: Foul Ball, location: 2F
1-2: Strikes out looking
Bottom of the 9th over - 0 runs, 0 hits, 0 errors, 1 left on base; Atlantic City 4 - Little Caesars 2
Tuesday, December 19th, 2017 - OOTP Baseball 18.8 Build 76